Map: Abyssal Reef LE

Players

Roditj - Winner!

  • Race: Protoss Protoss
  • Spawn Location: 11:00

Balazsovits

  • Race: Protoss Protoss
  • Spawn Location: 5:00

VOD

Have the link to the VOD?

Description

Time

  • Played on: Dec. 25, 2017, 7:40 a.m.
  • Length: 19:28
Show
View Real Time Build Order
Export as new Build Order

Roditj Protoss - Winner!

Build Orders:  

Get SALT Encoding   

  12  0:10  Pylon  
  12  0:18  Assimilator  
  12  0:21  Probe  
  13  0:36  Gateway  
  13  0:48  Probe (Chrono Boost)  
  15  0:57  Probe (Chrono Boost)  
  15  1:00  Gateway  
  15  1:02  Probe (Chrono Boost)  
  16  1:14  Probe (Chrono Boost)  
  17  1:21  Probe (Chrono Boost)  
  18  1:27  Pylon, Zealot  
  20  1:38  Probe  
  21  1:51  Zealot, Cybernetics Core  
  23  2:10  Gateway  
  23  2:16  Probe (Chrono Boost)  
  23  2:17  Assimilator  
  24  2:23  Zealot  
  24  2:25  Probe (Chrono Boost)  
  29  2:46  Stalker  
  29  2:50  Stalker  
  31  2:52  Warp Gate (Chrono Boost)  
  31  3:34  Pylon  
  31  3:43  Pylon  
  31  3:52  Stalker, Zealot  
  31  3:53  Zealot  
  37  4:23  Twilight Council  
  37  4:30  Nexus  
  37  4:33  Pylon  
  37  4:37  Assimilator  
  27  5:15  Probe  
  28  5:24  Blink  
  28  5:27  Probe  
  29  5:39  Probe  
  29  5:40  Robotics Facility  
  30  5:43  Shield Battery, Probe  
  31  5:51  Probe  
  31  5:55  Probe  
  33  6:05  Stalker  
  33  6:06  Stalker x2  
  33  6:07  Probe (Chrono Boost)  
  41  6:19  Probe (Chrono Boost)  
  41  6:25  Probe (Chrono Boost)  
  41  6:31  Stargate  
  42  6:33  Stargate  
  42  6:34  Probe x2  
  44  6:46  Probe x2  
  46  6:58  Probe x2, Warp Prism  
  50  7:10  Probe x2  
  50  7:13  Stalker x2  
  50  7:14  Stalker  
  58  7:22  Phoenix, Probe  
  60  7:25  Charge  
  61  7:34  Observer  
  62  7:48  Phoenix  
  64  7:55  Immortal  
  68  7:59  Assimilator  
  68  8:02  Pylon  
  68  8:07  Pylon  
  68  8:10  Stalker  
  68  8:11  Pylon  
  70  8:22  Sentry  
  70  8:24  Sentry  
  74  8:35  Immortal  
  72  8:50  Stalker x2  
  72  8:51  Stalker  
  76  9:14  Immortal  
  78  9:17  Stalker  
  78  9:18  Stalker x2  
  78  10:32  Stalker  
  78  10:34  Stalker x2  
  64  10:55  Void Ray x2  
  64  10:56  Observer  
  64  11:03  Probe  
  63  11:05  Immortal  
  63  11:07  Stalker x2  
  63  11:08  Stalker  
  73  11:15  Probe  
  74  11:27  Probe  
  75  11:38  Void Ray  
  79  11:41  Stalker  
  79  11:42  Stalker x2  
  79  11:44  Immortal  
  89  11:56  Phoenix  
  89  12:00  Pylon  
  91  12:02  Nexus  
  91  12:06  Pylon  
  91  12:12  Fleet Beacon  
  91  12:13  Sentry  
  93  12:21  Phoenix x2  
  97  12:23  Pylon, Immortal  
  97  12:26  Pylon  
  97  12:29  Pylon  
  101  12:46  Phoenix x2  
  105  12:58  Resonating Glaives  
  105  13:00  Protoss Air Weapons Level 1  
  105  13:02  Graviton Catapult  
  105  13:07  Assimilator  
  105  13:10  Assimilator  
  105  13:37  Immortal  
  105  13:38  Carrier  
  89  14:15  Stalker x2  
  89  14:16  Stalker, Immortal  
  63  14:40  Stalker, Sentry  
  63  14:41  Stalker  
  69  14:47  Carrier  
  75  14:55  Immortal  
  79  15:11  Probe  
  73  15:22  Stalker x3  
  73  15:23  Probe  
  80  15:35  Probe  
  79  16:06  Stalker  
  79  16:07  Sentry  
  79  16:08  Sentry  
  85  16:27  Carrier  
  85  16:28  Carrier  
  85  16:31  Immortal  
  101  17:01  Anion Pulse-Crystals  
  101  17:02  Protoss Air Weapons Level 2  
  101  17:06  Stalker  
  101  17:07  Stalker x2  
  107  17:09  Nexus  
  107  17:11  Immortal  
  107  17:12  Assimilator  
  107  17:13  Assimilator  
  111  17:17  Pylon  
  111  17:18  Pylon  
  111  17:50  Immortal  
  103  18:30  Stalker, Sentry  
  103  18:31  Sentry  
  109  18:40  Probe  
  110  18:51  Pylon  
  110  18:52  Probe  
  111  19:04  Probe  
  110  19:16  Probe  
Show
View Real Time Build Order
Export as new Build Order

Balazsovits Protoss 

Build Orders:  

Get SALT Encoding   

  12  0:02  Probe  
  13  0:14  Probe  
  13  0:18  Pylon  
  14  0:26  Probe  
  15  0:32  Assimilator  
  15  0:38  Probe  
  16  0:44  Gateway  
  16  0:50  Probe (Chrono Boost)  
  17  1:03  Probe (Chrono Boost)  
  18  1:10  Assimilator  
  18  1:11  Probe (Chrono Boost)  
  19  1:20  Probe (Chrono Boost)  
  20  1:31  Probe (Chrono Boost)  
  21  1:33  Cybernetics Core  
  21  1:36  Probe (Chrono Boost)  
  21  1:37  Pylon  
  22  1:58  Probe  
  23  2:03  Forge  
  23  2:10  Pylon  
  23  2:23  Nexus  
  23  2:36  Stargate  
  23  2:40  Probe (Chrono Boost)  
  24  2:48  Stalker (Chrono Boost)  
  24  2:50  Probe (Chrono Boost)  
  27  3:00  Probe  
  28  3:15  Stalker (Chrono Boost)  
  30  3:27  Probe  
  30  3:33  Pylon  
  31  3:39  Probe  
  32  3:46  Stalker  
  34  3:58  Void Ray  
  33  4:10  Photon Cannon  
  33  4:16  Stalker  
  31  4:46  Stalker  
  31  5:12  Pylon, Probe (Chrono Boost)  
  33  5:21  Void Ray  
  33  5:22  Probe (Chrono Boost)  
  33  5:27  Probe (Chrono Boost)  
  37  5:31  Gateway  
  38  5:38  Probe  
  38  5:41  Photon Cannon  
  39  5:43  Photon Cannon  
  39  5:45  Photon Cannon  
  39  5:47  Shield Battery  
  39  5:50  Photon Cannon, Probe  
  39  5:53  Gateway  
  40  5:59  Warp Gate (Chrono Boost)  
  40  6:01  Protoss Ground Weapons Level 1  
  40  6:10  Stalker  
  42  6:20  Stalker  
  44  6:30  Twilight Council  
  44  6:38  Robotics Facility  
  44  6:40  Stalker  
  44  6:45  Probe (Chrono Boost)  
  47  6:49  Stalker  
  49  6:56  Probe (Chrono Boost)  
  49  7:00  Probe (Chrono Boost)  
  50  7:03  Photon Cannon  
  51  7:09  Photon Cannon  
  51  7:17  Void Ray  
  55  7:24  Assimilator  
  55  7:39  Stalker x3  
  61  7:47  Pylon  
  61  7:51  Shield Battery  
  61  8:03  Nexus  
  61  8:04  Pylon  
  61  8:12  Blink  
  61  8:20  Void Ray  
  65  8:41  Protoss Ground Armor Level 1  
  65  8:59  Photon Cannon  
  65  9:18  Probe (Chrono Boost)  
  66  9:29  Probe (Chrono Boost)  
  67  9:33  Probe (Chrono Boost)  
  68  9:45  Photon Cannon, Probe  
  69  9:51  Assimilator  
  55  10:46  Stalker x2  
  55  10:47  Stalker  
  55  10:48  Void Ray  
  59  10:54  Probe  
  56  11:06  Probe  
  56  11:09  Protoss Air Armor Level 1, Gateway  
  57  11:13  Protoss Shields Level 1 (Chrono Boost)  
  58  11:18  Probe  
  58  11:22  Immortal  
  62  11:31  Fleet Beacon, Void Ray  
  66  11:36  Stalker  
  66  11:37  Stalker x2  
  72  11:55  Pylon  
  72  11:57  Photon Cannon  
  72  12:02  Immortal  
  76  12:17  Carrier  
  76  12:20  Graviton Catapult  
  82  12:24  Stalker  
  82  12:25  Stalker x2  
  82  12:26  Stalker  
  90  12:31  Photon Cannon  
  90  12:34  Photon Cannon  
  90  13:08  Assimilator  
  90  13:20  Stargate  
  90  13:25  Stalker  
  90  13:26  Stalker x2  
  96  13:27  Stalker  
  98  13:40  Resonating Glaives  
  98  13:44  Protoss Ground Weapons Level 2  
  60  14:10  Stalker x2  
  60  14:11  Stalker  
  60  14:12  Stalker  
  52  14:46  Stalker  
  52  14:47  Stalker x2  
  52  14:48  Stalker  
  60  14:54  Photon Cannon  
  60  14:56  Photon Cannon  
  60  14:58  Photon Cannon  
  60  15:00  Shield Battery  
  60  15:05  Assimilator  
  44  15:47  Stalker  
  44  15:48  Stalker x2  
  50  15:51  Stalker  
  50  15:53  Carrier x2 (Chrono Boost)  
  64  16:20  Stalker  
  64  16:21  Stalker  
  64  16:22  Stalker  
  70  16:26  Sentry  
  72  16:57  Nexus  
  72  17:09  Pylon  
  72  17:12  Tempest x2  
  84  17:18  Mothership (Chrono Boost)  
  80  17:39  Stalker  
  80  17:40  Stalker x2  
  80  17:42  Sentry  
  56  18:10  Stalker x2  
  56  18:11  Stalker x2  
  58  18:24  Templar Archives  
  58  18:42  Stalker x2  
  58  18:43  Stalker  
Tags
 
Matchup
PvP
Spawn Locations
Cross Positions
Add a new tag
Caveats
  • Supply blocks, unpowered buildings, or Contaminate may cause inaccurate times.
  • Supply counts are checked every 10 seconds.